 Dungeon Crawl Stone Soup version 0.29.1-1-gd02db6906a (webtiles) character file.

Game seed: 7875081928427433456

553 concernfroge the Fighter (level 7, -3/62 HPs)
             Began as a Mummy Monk on Sept 18, 2022.
             Slain by a centaur (4 damage)
             ... on level 4 of the Dungeon.
             The game lasted 00:06:16 (3346 turns).

concernfroge the Fighter (Mummy Monk)               Turns: 3346, Time: 00:06:16

Health: -3/62      AC:  4    Str: 16    XL:     7   Next: 8%
Magic:  7/7        EV: 12    Int:  9    God:
Gold:   108        SH:  0    Dex: 15    Spells: 6/6 levels left

rFire   x . .      SeeInvis .   j - +0 scimitar
rCold   + . .      Faith    .   (no shield)
rNeg    + + +      Spirit   .   d - +0 leather armour
rPois   ∞          Reflect  .   h - +0 helmet
rElec   .          Harm     .   (no cloak)
rCorr   .          Rampage  .   (no gloves)
Will    .....                   (no boots)
Stlth   ++........              (no amulet)
HPRegen 0.20/turn               (no ring)
MPRegen 0.10/turn               (no ring)

@: no status effects
A: cold resistance 1, negative energy resistance 3, torment resistance 2, heat
vulnerability 1, in touch with death 1, no potions
a: no special abilities


You were on level 4 of the Dungeon.
You visited 1 branch of the dungeon, and saw 4 of its levels.

You collected 108 gold pieces.

Inventory:

Hand Weapons
 a - a +0 spear
 j - a +0 scimitar (weapon)
Missiles
 e - 15 poisoned darts (quivered)
Armour
 d - a +0 leather armour (worn)
 h - a +0 helmet (worn)
Wands
 i - a wand of flame (9)
Scrolls
 f - 2 scrolls of amnesia
 g - 2 scrolls of teleportation


   Skills:
 + Level 8.2 Fighting
 - Level 2.4 Polearms
 - Level 2.4 Dodging
 - Level 1.5 Stealth


You had 6 spell levels left.
You didn't know any spells.
Your spell library was empty.

Dungeon Overview and Level Annotations

Branches:
Dungeon (4/15)
 Temple: D:4-7

Altars:
Cheibriados
Sif Muna
Xom

Annotations:
D:2 Jessica, Terence
D:4 1 runed translucent door


Innate Abilities, Weirdness & Mutations

You are immune to poison.
Your flesh is cold resistant. (rC+)
You are immune to negative energy. (rN+++)
You are immune to unholy pain and torment.
You are vulnerable to heat. (rF-)
You are in touch with the powers of death.
You do not drink.


Message History

You kill the hobgoblin!
No target in view!
No target in view!
There is an open door, spattered with blood here.
You see here a hobgoblin corpse.
You see here 2 sapphire potions.
There is an open door, spattered with blood here.
You see here a hobgoblin corpse.
Found a stone staircase leading down.
Found a plate armour.
Found a brown potion.
A centaur comes into view.
The centaur wields a +1 shortbow of freezing.
It is covered in frost.
The centaur shoots an arrow.
The arrow hits you! The arrow freezes you.
The centaur shoots an arrow.
The arrow hits you! The arrow freezes you.
The centaur shoots an arrow.
The arrow hits you! The arrow freezes you.
The centaur shoots an arrow.
The arrow hits you!
* * * LOW HITPOINT WARNING * * *
The arrow freezes you.
* * * LOW HITPOINT WARNING * * *
Okay, then.
The centaur shoots an arrow.
The arrow hits you!
* * * LOW HITPOINT WARNING * * *
The centaur shoots an arrow.
The arrow hits you.
* * * LOW HITPOINT WARNING * * *
The arrow freezes you.
* * * LOW HITPOINT WARNING * * *
The centaur unwields a +1 shortbow of freezing.
The centaur misses you. The centaur barely misses you.
Okay, then.
You closely miss the centaur.
The centaur hits you but does no damage.
The centaur kicks you but does no damage.
The centaur misses you.
The centaur kicks you but does no damage.
You slash the centaur!
The centaur is moderately wounded.
The centaur hits you.
You die...

...................
#####............$. .#
# #...#.###...... . #
#...#.......... . #
#...##..##.##.#.#
#####...##..##.##.#.# #
........###..#......
...
........###..#.##.#...#
................@c....#
###.#.####[.........###
#.#.# #..##>.....#
#.#.## #..##.####.#
#.#..# #.!##.# ...
#.#..# #...... ...
#<#..# #...... ...
###.#..###..##.## ...
............


You could see a centaur.

Vanquished Creatures
  The ghost of pacmanke6689 the Slasher, a novice DsFi (D:4)
  A bullfrog (D:4)
  A necrophage (D:4)
  A hound (D:4)
  A gnoll (D:1)
  2 river rats (D:4)
  2 adders
  2 worms
  3 dart slugs (D:3)
  3 bats
  4 endoplasms
  2 giant cockroaches
  6 goblins
  6 hobgoblins
  11 kobolds
  4 quokkas
  4 ball pythons
  2 frilled lizards
  4 rats (D:3)
60 creatures vanquished.

Notes
Turn   | Place    | Note
-------+----------+-------------------------------------------
     0 | D:1      | concernfroge the Mummy Monk began the quest for the Orb.
     0 | D:1      | Reached XP level 1. HP: 18/18 MP: 1/1
   303 | D:1      | Reached XP level 2. HP: 4/24 MP: 2/2
  1074 | D:1      | Reached skill level 4 in Fighting
  1074 | D:1      | Gained mutation: You are in touch with the powers of death.
                  | [Mummy growth]
  1074 | D:1      | Reached XP level 3. HP: 30/30 MP: 3/3
  1170 | D:2      | Noticed Jessica
  1172 | D:2      | Noticed Terence
  1485 | D:3      | Found a snail-covered altar of Cheibriados.
  1988 | D:3      | Reached XP level 4. HP: 26/38 MP: 4/4
  2149 | D:3      | Found a shimmering blue altar of Sif Muna.
  2188 | D:3      | Reached skill level 5 in Fighting
  2756 | D:4      | Found a shimmering altar of Xom.
  2760 | D:4      | Noticed a necrophage
  2765 | D:4      | Killed a necrophage
  2831 | D:4      | Reached XP level 5. HP: 40/46 MP: 5/5
  2887 | D:4      | Reached skill level 6 in Fighting
  3001 | D:4      | Noticed an ogre
  3024 | D:4      | Found a runed translucent door.
  3026 | D:4      | Noticed pacmanke6689's ghost (novice DsFi)
  3032 | D:4      | Killed pacmanke6689's ghost
  3033 | D:4      | Reached skill level 8 in Fighting
  3033 | D:4      | Reached XP level 6. HP: 34/56 MP: 6/6
  3033 | D:4      | Reached XP level 7. HP: 37/62 MP: 7/7
  3047 | D:4      | Found a runed translucent door.
  3343 | D:4      | HP: 2/62 [centaur/arrow (6)]
  3346 | D:4      | Slain by a centaur

Illustrated notes

Levels and vault maps discovered:
D:1:      tarquinn_simple_flora_water_d, layout_rooms
D:2:      wander_river, layout_basic, uniq_terence, uniq_natasha, uniq_jessica
D:3:      layout_basic, cheibriados_altar_1, lemuel_blue_sif_altar
D:4:      layout_basic, mainiacjoe_overflow_24_doors, ebering_ghost_sewer_f,
          nrook_campfire, kennysheep_generic_room_10

Skill      XL: |  1  2  3  4  5 |
---------------+----------------+-----
Fighting       | 4 5 8 |  8.2
Polearms       | |  2.4
Dodging        | |  2.4
Stealth        | |  1.5

Action                   |  1- 3 |  4- 6 |  7- 9 || total
-------------------------+-------+-------+-------++-------
Melee: Spear             |   162 |    40 |       ||   202
       Punch             |     1 |     1 |       ||     2
       Scimitar          |       |    20 |     5 ||    25
Throw: Dart              |     4 |       |     3 ||     7
Evoke: Wand              |       |     3 |       ||     3
  Use: Scroll            |       |     4 |       ||     4
 Stab: Sleeping          |     5 |       |       ||     5
Armor: Robe              |     4 |       |       ||     4
       Leather armour    |    31 |    17 |     5 ||    53
Dodge: Dodged            |    79 |    30 |     3 ||   112
